 Dungeon Crawl Stone Soup version 0.21.1-1-g345015fe64 (webtiles) character file.

125 KleinerIrrer the Skirmisher (level 4, -2/42 HPs)
             Began as a Draconian Transmuter on Apr 4, 2018.
             Slain by a hippogriff (8 damage)
             ... on level 3 of the Dungeon.
             The game lasted 00:00:53 (2799 turns).

KleinerIrrer the Skirmisher (Draconian Transmuter)  Turns: 2799, Time: 00:00:53

Health: -2/42      AC:  6    Str: 12    XL:     4   Next: 82%
Magic:  6/7        EV: 12    Int: 14    God:
Gold:   44         SH:  0    Dex: 12    Spells: 6/7 levels left

rFire    . . .     SeeInvis .   Y - +1 morningstar (venom)
rCold    . . .     Gourm    .   (no shield)
rNeg     . . .     Faith    .   (armour unavailable)
rPois    .         Spirit   .   (helmet restricted)
rElec    .         Reflect  .   (no cloak)
rCorr    .         Harm     .   (no gloves)
MR       .....                  j - +0 pair of boots
Stlth    +.........             (no amulet)
HPRegen  0.14/turn              (no ring)
MPRegen  0.10/turn              (no ring)

@: appendage (expiring)
A: unfitting armour, horns 2, cold-blooded, AC +5
a: End Transformation


You were on level 3 of the Dungeon.
You were not hungry.
You had grown temporary horns.
You visited 1 branch of the dungeon, and saw 3 of its levels.

You collected 44 gold pieces.


Innate Abilities, Weirdness & Mutations

Your plain brown scales are hard. (AC +5)
You cannot fit into any form of body armour.
You are cold-blooded and may be slowed by cold attacks.
You have a pair of horns on your head.


   Skills:
 + Level 5.2 Fighting
 - Level 1.7 Dodging
 - Level 3.0 Unarmed Combat
 - Level 2.0 Spellcasting
 - Level 2.0 Transmutations


You had 6 spell levels left.
You knew the following spells:

 Your Spells              Type           Power        Failure   Level  Hunger
a - Beastly Appendage     Tmut           #.....       11%         1    ##.....

Inventory:

Hand Weapons
 Y - a +1 morningstar of venom (weapon)
Missiles
 e - 3 tomahawks (quivered)
Armour
 j - a +0 pair of boots (worn)
Scrolls
 g - a scroll of remove curse
 k - a scroll of identify
Potions
 a - a potion of invisibility {unknown}
 d - a potion of mutation {unknown}
 i - a potion of agility {unknown}
Books
 b - a book of Changes

   Spells                             Type                      Level
   a - Beastly Appendage              Transmutation                1
   b - Sticks to Snakes               Transmutation                2
   c - Spider Form                    Transmutation/Poison         3
   d - Ice Form                       Ice/Transmutation            4
   e - Blade Hands                    Transmutation                5
Comestibles
 c - 8 rations
 h - 2 chunks of flesh

Dungeon Overview and Level Annotations

Branches:
Dungeon (3/15)

Altars:


Message History

The hippogriff claws you but does no damage.
You barely miss the hippogriff. You headbutt the hippogriff!
The hippogriff is heavily wounded.
Your transformation is almost over.
The hippogriff bites you. The hippogriff pecks you.
The hippogriff claws you but does no damage.
You closely miss the hippogriff.
The hippogriff is heavily wounded.
The hippogriff closely misses you. The hippogriff barely misses you. x2
The hippogriff closely misses you. The hippogriff barely misses you.
The hippogriff claws you but does no damage.
You thump the hippogriff!
The hippogriff is poisoned.
The hippogriff is severely wounded.
The hippogriff bites you. The hippogriff barely misses you.
The hippogriff claws you.
You barely miss the hippogriff.
The hippogriff is almost dead.
The hippogriff bites you but does no damage.
The hippogriff pecks you. The hippogriff claws you. The hippogriff bites you!
You die...

.#..#..##..###
#.........######
.....###......#
#### #.####.###
...###.# ...
#.......# #....
#.####..##......
###.......#
#..H@....#.#
#.#.###...#
..... .....#
....(. .##.#
....<.. .. #
(...... ..
....... .#.
...###.


You could see a hippogriff.

Vanquished Creatures
  An orc wizard (D:3)
  3 gnolls
  4 adders
  A dart slug (D:1)
  2 leopard geckos
  2 orcs (D:2)
  A giant cockroach (D:2)
  A goblin (D:2)
  2 hobgoblins
  4 jackals (D:3)
  A kobold (D:2)
  5 bats
  A frilled lizard (D:2)
  A rat (D:1)
29 creatures vanquished.

Notes
Turn   | Place    | Note
-------+----------+-------------------------------------------
     0 | D:1      | KleinerIrrer the Draconian Transmuter began the quest for the Orb.
     0 | D:1      | Reached XP level 1. HP: 16/16 MP: 3/3
     0 | D:1      | 0 ||| counter = 22
     4 | D:1      | 4 ||| CASTING Beastly Appendage
     5 | D:1      | 5 ||| CASTING Beastly Appendage
   163 | D:1      | 163 ||| Wielding weapon club.
   294 | D:1      | 294 ||| CASTING Beastly Appendage
   370 | D:1      | 370 ||| CASTING Beastly Appendage
   534 | D:1      | 534 ||| CASTING Beastly Appendage
   538 | D:1      | Reached skill level 2 in Fighting
   568 | D:1      | 568 ||| CASTING Beastly Appendage
   571 | D:1      | Reached XP level 2. HP: 18/25 MP: 3/5
   885 | D:1      | 885 ||| UPGRADING to pair of boots.
   890 | D:1      | 890 ||| READING scroll labeled TAR EGROKLESCH.
   891 | D:1      | 891 ||| READING 2 scrolls labeled OGGEGR MOEFFU.
   892 | D:1      | 892 ||| SWAPPING to short sword.
   893 | D:1      | 893 ||| DROPPING -3 club.
   894 | D:1      | 894 ||| READING scroll labeled CIADOMN QYKOWN.
   895 | D:1      | 895 ||| READING scroll labeled NIFU GOSTRIT.
   896 | D:1      | 896 ||| READING scroll labeled JOQENO ANOAL.
   897 | D:1      | 897 ||| READING scroll labeled TAISIAS SOLU.
   898 | D:1      | 898 ||| DROPPING 12 arrows.
   926 | D:2      | 926 ||| CASTING Beastly Appendage
   927 | D:2      | 927 ||| STAIRDANCE
   942 | D:2      | 942 ||| CASTING Beastly Appendage
   947 | D:2      | 947 ||| STAIRDANCE
   958 | D:2      | 958 ||| CASTING Beastly Appendage
   961 | D:2      | 961 ||| STAIRDANCE
   976 | D:2      | 976 ||| CASTING Beastly Appendage
   978 | D:2      | Reached skill level 3 in Fighting
   983 | D:2      | 983 ||| STAIRDANCE
  1105 | D:2      | 1105 ||| CASTING Beastly Appendage
  1111 | D:2      | 1111 ||| STAIRDANCE
  1118 | D:2      | 1118 ||| CASTING Beastly Appendage
  1126 | D:2      | Reached XP level 3. HP: 26/31 MP: 4/6
  1127 | D:2      | 1127 ||| STAIRDANCE
  1231 | D:2      | 1231 ||| CASTING Beastly Appendage
  1254 | D:2      | 1254 ||| READING scroll of enchant weapon.
  1254 | D:2      | 1254 ||| ENCHANTING +1 short sword.
  1269 | D:2      | 1269 ||| CASTING Beastly Appendage
  1317 | D:2      | 1317 ||| CASTING Beastly Appendage
  1332 | D:2      | 1332 ||| CASTING Beastly Appendage
  1345 | D:2      | 1345 ||| CASTING Beastly Appendage
  1351 | D:2      | 1351 ||| STAIRDANCE
  1399 | D:2      | 1399 ||| CASTING Beastly Appendage
  1413 | D:2      | 1413 ||| CASTING Beastly Appendage
  1423 | D:2      | 1423 ||| CASTING Beastly Appendage
  1425 | D:2      | 1425 ||| STAIRDANCE
  1427 | D:1      | 1427 ||| CASTING Beastly Appendage
  1472 | D:1      | 1472 ||| READING scroll labeled QYULIU MAEME.
  1475 | D:2      | 1475 ||| CASTING Beastly Appendage
  1480 | D:2      | HP: 5/33 [gnoll/spear (5)]
  1482 | D:2      | Reached skill level 4 in Fighting
  1487 | D:2      | 1487 ||| STAIRDANCE
  1803 | D:2      | 1803 ||| READING scroll of enchant weapon.
  1803 | D:2      | 1803 ||| ENCHANTING +2 short sword.
  1849 | D:2      | 1849 ||| CASTING Beastly Appendage
  1859 | D:2      | 1859 ||| CASTING Beastly Appendage
  1871 | D:2      | 1871 ||| STAIRDANCE
  1878 | D:2      | 1878 ||| CASTING Beastly Appendage
  1880 | D:2      | 1880 ||| STAIRDANCE
  1945 | D:2      | 1945 ||| CASTING Beastly Appendage
  2001 | D:2      | 2001 ||| CASTING Beastly Appendage
  2073 | D:2      | 2073 ||| CASTING Beastly Appendage
  2074 | D:2      | Reached XP level 4. HP: 41/41 MP: 5/7
  2117 | D:3      | 2117 ||| STAIRDANCE
  2215 | D:3      | 2215 ||| CASTING Beastly Appendage
  2216 | D:3      | 2216 ||| STAIRDANCE
  2237 | D:3      | 2237 ||| STAIRDANCE
  2239 | D:2      | 2239 ||| CASTING Beastly Appendage
  2248 | D:2      | 2248 ||| STAIRDANCE
  2260 | D:3      | 2260 ||| STAIRDANCE
  2262 | D:2      | 2262 ||| CASTING Beastly Appendage
  2364 | D:2      | 2364 ||| SWAPPING to morningstar of venom.
  2367 | D:2      | 2367 ||| DROPPING +3 short sword.
  2371 | D:3      | 2371 ||| CASTING Beastly Appendage
  2377 | D:3      | 2377 ||| STAIRDANCE
  2454 | D:3      | 2454 ||| CASTING Beastly Appendage
  2459 | D:3      | Reached skill level 5 in Fighting
  2588 | D:3      | 2588 ||| CASTING Beastly Appendage
  2679 | D:3      | 2679 ||| CASTING Beastly Appendage
  2707 | D:3      | 2707 ||| CASTING Beastly Appendage
  2725 | D:3      | 2725 ||| CASTING Beastly Appendage
  2741 | D:3      | 2741 ||| STAIRDANCE
  2744 | D:2      | 2744 ||| READING scroll labeled BAIXESHR QOLYA.
  2773 | D:3      | Noticed a hippogriff
  2777 | D:3      | 2777 ||| CASTING Beastly Appendage
  2778 | D:3      | 2778 ||| STAIRDANCE
  2794 | D:3      | 2794 ||| CASTING Beastly Appendage
  2799 | D:3      | HP: 10/42 [hippogriff (4)]
  2799 | D:3      | Slain by a hippogriff

Vault maps used:
D:1:      dpeg_arrival_houses_and_road
D:2:      minmay_wonky_spiral, hex_large
D:3:      columned_hall_lemuel, uniq_ijyb, uniq_natasha

Skill      XL: |  1  2  3  4 |
---------------+-------------+-----
Fighting       | 2 3 4 5 |  5.2
Dodging        | |  1.7
Unarmed Combat | |  3.0
Spellcasting   | |  2.0
Transmutations | |  2.0

Action                   |  1- 3 |  4- 6 || total
-------------------------+-------+-------++-------
Melee: Club              |     9 |       ||     9
       Unarmed           |     6 |       ||     6
       Kick              |     4 |       ||     4
       Headbutt          |     9 |     9 ||    18
       Short sword       |    47 |     6 ||    53
       Tailslap          |     1 |     5 ||     6
       Punch             |     1 |       ||     1
       Morningstar       |       |    33 ||    33
Throw: Tomahawk          |     1 |     3 ||     4
 Cast: Beastly Appendage |    24 |    11 ||    35
  Use: Scroll            |     9 |     1 ||    10
  Eat: Chunk             |     4 |     3 ||     7
Armor: Skin              |    24 |    17 ||    41
Dodge: Dodged            |    44 |    46 ||    90

Table legend:
 A = Spawn XP
 B = Non-spawn XP
 C = Spawn XP percentage of total XP
 D = Spawn monster count
 E = Non-spawn monster count
 F = Spawn count percentage of total count
 G = Total turns spent on level
                    A         B        C        D         E        F      G
               +---------+---------+-------+---------+---------+-------+---------
         Total |       0 |     179 |   0.0 |       0 |      29 |   0.0 |  2799
               +---------+---------+-------+---------+---------+-------+---------
           D:1 |       0 |      26 |   0.0 |       0 |       7 |   0.0 |  1431
           D:2 |       0 |      79 |   0.0 |       0 |      15 |   0.0 |  1015
           D:3 |       0 |      74 |   0.0 |       0 |       7 |   0.0 |   353
               +---------+---------+-------+---------+---------+-------+---------
